 Dungeon Crawl Stone Soup version 0.29-a0-1052-g6990b1bffc (webtiles) character file.

Game seed: 11616954962584713709

3902 ragingrage the Severer (level 10, -1/86 HPs)
             Began as a Minotaur Delver on Aug 17, 2022.
             Slain by an orc knight
             ... wielding a +2 hand axe of freezing
              (2 damage)
             ... in a bailey.
             The game lasted 00:10:23 (8464 turns).

ragingrage the Severer (Minotaur Delver)            Turns: 8464, Time: 00:10:24

Health: -1/86      AC: 10    Str: 27    XL:     10   Next: 0%
Magic:  9/9        EV: 10    Int:  7    God:
Gold:   162        SH:  4    Dex: 12    Spells: 9/9 levels left

rFire   . . .      SeeInvis .   a - +3 whip (elec)
rCold   . . .      Faith    .   S - +0 buckler
rNeg    . . .      Spirit   .   v - +3 scale mail
rPois   .          Reflect  .   t - +1 hat
rElec   .          Harm     .   (no cloak)
rCorr   .          Rampage  .   (no gloves)
Will    +....                   (no boots)
Stlth   +.........              m - amulet of the acrobat
HPRegen 0.24/turn               B - +6 ring of strength
MPRegen 0.11/turn               q - ring of willpower

@: no status effects
A: horns 2, retaliatory headbutt
a: no special abilities


You were in a bailey.
You visited 2 branches of the dungeon, and saw 9 of its levels.
You also visited: Ossuary and Bailey.

You collected 462 gold pieces.
You spent 300 gold pieces at shops.

Inventory:

Hand Weapons
 a - a +3 whip of electrocution (weapon)
 b - a +2 sling of flaming
 I - a +1 whip of venom
 J - a +2 vorpal hand axe
 T - a +0 broad axe
Missiles
 x - 13 poisoned darts (quivered)
 R - 2 javelins
Armour
 t - a +1 hat (worn)
 v - a +3 scale mail (worn)
 S - a +0 buckler (worn)
Jewellery
 m - an amulet of the acrobat (around neck)
 q - a ring of willpower (right hand)
 B - a +6 ring of strength (left hand)
 H - a ring of resist corrosion
 N - a ring of poison resistance
Wands
 g - a wand of digging (3)
 A - a wand of flame (28)
 C - a wand of paralysis (2)
Scrolls
 c - 3 scrolls of fog
 d - 2 scrolls of magic mapping
 e - 3 scrolls of fear
 k - 2 scrolls of torment
 l - 6 scrolls of teleportation
 n - a scroll of enchant weapon
 r - 3 scrolls of identify
 y - 2 scrolls of amnesia
 D - a scroll of noise {unknown}
 E - a scroll of summoning {unknown}
 F - a scroll of poison {unknown}
 K - 2 scrolls of vulnerability
 O - a scroll of silence {unknown}
Potions
 f - 2 potions of flight
 h - 2 potions of haste
 i - a potion of cancellation {unknown}
 o - a potion of lignification {unknown}
 p - 3 potions of invisibility
 s - 4 potions of curing
 u - 2 potions of heal wounds
 w - 2 potions of resistance
 z - 2 potions of ambrosia
 G - a potion of attraction {unknown}
 L - a potion of degeneration {unknown}
 M - 2 potions of berserk rage
 P - a potion of might {unknown}
 Q - 2 potions of brilliance {unknown}


   Skills:
 + Level 7.1 Fighting
 + Level 15.2 Axes
 + Level 3.1 Armour
 - Level 2.1 Dodging
 - Level 4.1 Stealth
 + Level 3.0 Shields


You had 9 spell levels left.
You didn't know any spells.
Your spell library contained the following spells:

 Spells                   Type           Power      Damage    Failure   Level
 Shock                    Conj/Air       0%         1d3       80%         1
 Slow                     Hex            0%         N/A       80%         1
 Sting                    Tmut/Pois      0%         1d3       80%         1
 Poisonous Vapours        Pois/Air       0%         N/A       90%         2
 Dazzling Flash           Conj/Hex       0%         N/A       99%         3
 Iskenderun's Mystic Bla  Conj/Tloc      0%         2d3       100%        4
 Olgreb's Toxic Radiance  Pois           0%         N/A       100%        4
 Starburst                Conj/Fire      0%         6d3       100%        6


Dungeon Overview and Level Annotations

Branches:
Dungeon (8/15)             Temple (1/1) D:4         Ossuary (visited)
 Bailey (1/1)
   Lair: D:8-11

Altars:
Ashenzari
Dithmenos
Elyvilon
Gozag
Hepliaklqana
Kikubaaqudgha
Makhleb
Nemelex Xobeh
Qazlal
Ru
Sif Muna
Trog
Uskayaw
Vehumet
Wu Jian
Yredelemnul
Zin
The Shining One

Shops:
D:4 *   D:6 (   D:7 *

Annotations:
D:3 exclusion: downstairs
D:4 exclusion: downstairs
D:7 2 transporters, 1 exclusion, Newt's ghost, novice DsGl


Innate Abilities, Weirdness & Mutations

You have a pair of horns on your head.
You reflexively headbutt those who attack you in melee.


Message History

* * * LOW HITPOINT WARNING * * *
You hit the orc knight but do no damage.
The orc knight is heavily wounded.
You barely miss the orc knight. You headbutt the orc knight.
The orc knight is severely wounded.
The orc knight hits you with a +2 hand axe of freezing.
* * * LOW HITPOINT WARNING * * *
The orc knight freezes you.
* * * LOW HITPOINT WARNING * * *
You feel much better.
The orc knight hits you with a +2 hand axe of freezing.
The orc knight freezes you.
You hit the orc knight but do no damage.
You headbutt the orc knight, but do no damage.
The orc knight is severely wounded.
You whack the orc knight!
Lightning courses through the orc knight!
You headbutt the orc knight, but do no damage.
The orc knight is almost dead.
The orc knight hits you with a +2 hand axe of freezing!
* * * LOW HITPOINT WARNING * * *
The orc knight freezes you.
* * * LOW HITPOINT WARNING * * *
You hit the orc knight.
The orc knight is almost dead.
The orc knight hits you with a +2 hand axe of freezing!
* * * LOW HITPOINT WARNING * * *
The orc knight freezes you.
* * * LOW HITPOINT WARNING * * *
You feel much better.
The orc knight hits you with a +2 hand axe of freezing!!
* * * LOW HITPOINT WARNING * * *
The orc knight freezes you.
* * * LOW HITPOINT WARNING * * *
You hit the orc knight but do no damage.
The orc knight is almost dead.
The orc knight hits you with a +2 hand axe of freezing!
* * * LOW HITPOINT WARNING * * *
The orc knight freezes you.
You die...

###....~≈≈≈≈≈≈∩#oogK...#∩≈≈≈≈≈
##≈≈≈≈≈≈≈)≈≈(####.oo....####≈≈≈
#≈≈≈≈≈≈≈≈...).#..####'####
.#(K≈ ######......###...^ ...
.# #K ###.....# +..#### .+ .
##.......###..# #.....⌠....#(.#
##.........#o## ##.......)(@.#
####..............
#############.#


You could see an orc knight.

Vanquished Creatures
  Prince Ribbit (D:6)
  4 yaks (D:8)
  Menkaure (Ossuary)
  An acid dragon (D:8)
  2 water moccasins
  A black bear (D:4)
  Duvessa (D:7)
  4 orc warriors
  2 ice beasts (D:7)
  2 centaurs
  A phantom (D:6)
  Blork the orc (D:4)
  3 kobold brigands
  A bullfrog (D:7)
  A necrophage (D:4)
  3 scorpions
  A gnoll sergeant (D:8)
  Dowan (D:7)
  A howler monkey (D:5)
  2 centaur zombies (Ossuary)
  5 hounds
  3 jellies (D:7)
  A gnoll bouda (D:6)
  An orc priest (D:7)
  4 iguanas
  4 orc wizards
  3 ogre zombies (Ossuary)
  6 mummies (Ossuary)
  9 adders
  7 gnolls
  2 shadow imps (D:6)
  3 adder zombies (Ossuary)
  23 orcs
  3 bats (D:2)
  7 endoplasms
  3 giant cockroaches
  3 gnoll zombies (Ossuary)
  11 goblins
  6 hobgoblins
  7 jackals
  4 quokkas
  6 ball pythons
  2 frilled lizards (D:2)
  2 goblin zombies (Ossuary)
  4 hobgoblin zombies (Ossuary)
  34 kobolds
  6 kobold zombies (Ossuary)
  An orc zombie (Ossuary)
  2 quokka zombies (Ossuary)
  6 rats
  4 rat zombies (Ossuary)
216 creatures vanquished.

Notes
Turn   | Place    | Note
-------+----------+-------------------------------------------
     0 | D:5      | ragingrage the Minotaur Delver began the quest for the Orb.
     0 | D:5      | Reached XP level 1. HP: 19/19 MP: 0/0
     1 | D:6      | Noticed a scorpion
    35 | D:5      | Found a hide-covered altar of Uskayaw.
   464 | D:4      | Noticed a hound
   469 | D:4      | Killed a hound
   470 | D:4      | Reached skill level 4 in Axes
   470 | D:4      | Reached XP level 2. HP: 14/26 MP: 1/1
   470 | D:4      | Reached XP level 3. HP: 17/31 MP: 2/2
   695 | D:4      | Found Tucryrri's Assorted Antiques.
   721 | D:5      | Noticed a centaur
   809 | D:4      | Reached skill level 5 in Axes
   836 | D:4      | Noticed a black bear
  1027 | D:2      | Reached XP level 4. HP: 34/39 MP: 3/3
  1825 | D:1      | Found a faded altar of an unknown god.
  2445 | D:2      | Reached skill level 6 in Axes
  3149 | D:3      | Reached XP level 5. HP: 45/45 MP: 4/4
  3536 | D:3      | Reached skill level 7 in Axes
  3587 | D:4      | Reached XP level 6. HP: 51/51 MP: 5/5
  3601 | D:4      | Found a staircase to the Ecumenical Temple.
  3615 | Temple   | Entered the Ecumenical Temple
  3633 | D:4      | Reached skill level 8 in Axes
  3762 | D:4      | Noticed Blork the orc
  3771 | D:4      | Killed Blork the orc
  3860 | D:4      | Reached skill level 9 in Axes
  4051 | D:4      | Bought a worn silver wand for 120 gold pieces
  4051 | D:4      | Bought 2 scrolls labelled NAAJIR UKEOC for 60 gold pieces
  4133 | D:5      | Noticed a water moccasin
  4144 | D:5      | Killed a water moccasin
  4145 | D:5      | Reached XP level 7. HP: 55/57 MP: 6/6
  4151 | D:5      | Reached skill level 10 in Axes
  4443 | D:5      | Reached skill level 11 in Axes
  4687 | D:5      | Reached XP level 8. HP: 64/64 MP: 7/7
  4704 | D:5      | Found a shimmering blue altar of Sif Muna.
  4719 | D:5      | Got Sif Muna's Anthology of Charms and Fog
  4735 | D:5      | Found a bloodstained altar of Trog.
  4971 | D:6      | Noticed Prince Ribbit
  4997 | D:6      | Killed Prince Ribbit
  4998 | D:6      | Reached skill level 12 in Axes
  5310 | D:6      | Found a sacrificial altar of Ru.
  5400 | D:6      | Found Doja's Antique Weapon Emporium.
  5670 | D:6      | Bought a runed hand axe for 120 gold pieces
  5814 | D:6      | Reached skill level 13 in Axes
  5898 | D:6      | Found a hazy altar of Hepliaklqana.
  6086 | D:7      | Reached XP level 9. HP: 18/70 MP: 8/8
  6386 | D:7      | Noticed Dowan
  6431 | D:7      | Reached skill level 14 in Axes
  6519 | D:7      | Found a sand-covered staircase.
  6525 | Ossuary  | Entered an ossuary
  6791 | Ossuary  | Noticed Menkaure
  6803 | Ossuary  | Killed Menkaure
  7191 | D:7      | Found a transporter.
  7194 | D:7      | Noticed Newt's ghost (novice DsGl)
  7199 | D:7      | Noticed a moth of wrath
  7212 | D:7      | Found a transporter.
  7569 | D:7      | Reached skill level 5 in Fighting
  7573 | D:7      | Noticed Duvessa
  7585 | D:7      | Killed Duvessa
  7594 | D:7      | Killed Dowan
  7686 | D:7      | Found Onig's Assorted Antiques.
  8092 | D:8      | Reached skill level 1 in Armour
  8092 | D:8      | Reached skill level 1 in Shields
  8109 | D:8      | Reached skill level 15 in Axes
  8147 | D:8      | Found a flagged portal.
  8215 | D:8      | Found a glowing silver altar of Zin.
  8287 | Bailey   | Entered a bailey
  8294 | Bailey   | Noticed an orc knight
  8296 | Bailey   | Noticed an orc knight
  8410 | Bailey   | Reached XP level 10. HP: 74/86 MP: 9/9
  8439 | Bailey   | Noticed an orc knight
  8446 | Bailey   | Paralysed by an orc knight for 3 turns
  8464 | Bailey   | HP: 1/86 [orc knight/+2 hand axe of freezing (14)]
  8464 | Bailey   | Slain by an orc knight

Illustrated notes

Levels and vault maps discovered:
D:1:      minmay_arrival_hallway, layout_basic,
          shapermc_ecumenical_altar_flowoftime, serial_co_window_serial,
          co_window_corner_a, co_window_of_opportunity_a, co_window_corner_a,
          co_window_of_opportunity_a, co_window_corner_a, co_window_paths_a,
          co_window_paths_a, co_window_cross_3, co_window_of_opportunity_b,
          co_window_4corner_b, co_window_4corner_a, glass_columns_b,
          glass_columns_c, glass_columns_a, glass_columns_c, minmay_pentomino_v2
D:2:      kennysheep_six_static_rooms, layout_basic
D:3:      layout_basic
D:4:      layout_rooms, temple_fountains, serial_shops,
          nicolae_shop_hallway_plus, minmay_misc_feat_x, uniq_blork_the_orc
D:5:      layout_cave_pools, nzn_overflow_gifts_of_might_and_magic,
          nicolae_overflow_crystal_walls, minmay_hedge_maze
D:6:      layout_rooms, kennysheep_little_box,
          worldfamousw_hep_ancestral_shrine, serial_shops,
          nicolae_shop_statue_plus, grunt_ministairs_12, uniq_prince_ribbit1
D:7:      layout_loops_ring, nicolae_ossuary_entry_monument,
          gammafunk_ghost_berserking_beasts, serial_shops,
          nicolae_lakefront_shop, st_stairs_7, uniq_duvessa
D:8:      layout_basic, grunt_temple_overflow_open, kennysheep_mini_moat,
          zin_statuary, enter_bailey_5
Temple:   nicolae_temple_no_exploring_needed
Bailey:   bailey_axe_4, bailey

Skill      XL: |  1  2  3  4  5  6  7  8  9 |
---------------+----------------------------+-----
Axes           | 4 5 6 7 9 11 13 15 | 15.2
Fighting       | 7 |  7.1
Armour         | 3 |  3.1
Shields        | 3 |  3.0
Dodging        | |  2.1
Stealth        | |  4.1

Action                   |  1- 3 |  4- 6 |  7- 9 | 10-12 || total
-------------------------+-------+-------+-------+-------++-------
Melee: Hand axe          |    29 |     5 |       |       ||    34
       Headbutt          |     8 |     8 |    59 |     6 ||    81
       Punch             |     1 |       |     3 |       ||     4
       Whip              |     2 |    70 |   357 |    16 ||   445
 Fire: Sling             |       |    68 |   102 |       ||   170
Throw: Dart              |       |       |     7 |     1 ||     8
Evoke: Wand              |       |     3 |    14 |       ||    17
  Use: Potion            |     1 |       |       |     2 ||     3
       Scroll            |       |     6 |     6 |       ||    12
 Stab: Sleeping          |     1 |     4 |     2 |       ||     7
       Paralysed         |       |       |     5 |       ||     5
Armor: Leather armour    |    10 |    12 |       |       ||    22
       Scale mail        |       |    32 |    99 |     2 ||   133
Dodge: Dodged            |    17 |    64 |   148 |     1 ||   230
Block: Buckler           |       |       |    12 |     1 ||    13

Table legend: (Time is in decaauts)
 A = Elapsed time spent in this place.
 B = Non-inter-level travel time spent in this place.
 C = Inter-level travel time spent in this place.
 D = Time resting spent in this place.
 E = Time spent auto-exploring this place.
 F = Levels seen in this place.
 G = Mean time per level.
                   A        B        C        D        E       F      G
               +--------+--------+--------+--------+--------+-----+--------+
         Total |   8388 |   8074 |    314 |   1337 |   5145 |  11 |  762.5 |
       Dungeon |   7582 |   7268 |    314 |   1258 |   4661 |   8 |  947.8 |
        Temple |      4 |      4 |      0 |      0 |      0 |   1 |    4.0 |
       Ossuary |    614 |    614 |      0 |     51 |    431 |   1 |  614.0 |
        Bailey |    187 |    187 |      0 |     28 |     52 |   1 |  187.0 |
               +--------+--------+--------+--------+--------+-----+--------+

Top non-repeatable levels by time:
     D:7: 1344 daAuts
     D:5: 1144 daAuts
     D:4: 1062 daAuts
     D:6: 1060 daAuts
     D:1: 1047 daAuts
     D:3: 939 daAuts
     D:2: 762 daAuts
 Ossuary: 614 daAuts
     D:8: 222 daAuts
  Bailey: 187 daAuts
  Temple: 4 daAuts
